 Dungeon Crawl Stone Soup version 0.27-a0-1182-gee19b5822f (webtiles) character file.

Game seed: 15242884020888504486

32 DasRunzen the Poker (level 2, -5/24 HPs)
             Began as a Demigod Gladiator on May 18, 2021.
             Killed from afar by an orc wizard (8 damage)
             ... with a magic dart
             ... on level 3 of the Dungeon.
             The game lasted 00:02:04 (1617 turns).

DasRunzen the Poker (Demigod Gladiator)             Turns: 1617, Time: 00:02:05

Health: -5/24      AC:  7    Str: 15    XL:     2   Next: 96%
Magic:  4/4        EV: 12    Int: 10    God:
Gold:   56         SH:  0    Dex: 15    Spells: 1/1 levels left

rFire    . . .     SeeInvis .   a - +0 trident
rCold    . . .     Faith    .   (no shield)
rNeg     . . .     Spirit   .   b - +0 leather armour
rPois    .         Reflect  .   c - +0 helmet
rElec    .         Harm     .   l - +0 cloak
rCorr    .         Rampage  .   i - +1 pair of gloves
Will     .....                  (no boots)
Stlth    +.........             (no amulet)
HPRegen  0.08/turn              (no ring)
MPRegen  0.09/turn              (no ring)

@: no status effects
A: high mp 1, forlorn
a: no special abilities


You were on level 3 of the Dungeon.
You visited 1 branch of the dungeon, and saw 3 of its levels.

You collected 56 gold pieces.

Inventory:

Hand Weapons
 a - a +0 trident (weapon)
Missiles
 d - 4 throwing nets (quivered)
Armour
 b - a +0 leather armour (worn)
 c - a +0 helmet (worn)
 i - a +1 pair of gloves (worn)
 l - a +0 cloak (worn)
Jewellery
 n - a ring of fire
Scrolls
 e - a scroll of identify
 f - 2 scrolls of fear
Potions
 h - a potion of curing
 j - a potion of haste {unknown}


   Skills:
 + Level 2.2 Fighting
 + Level 3.0 Polearms
 - Level 1.7 Throwing
 + Level 1.1 Armour
 + Level 3.0 Dodging


You had one spell level left.
You didn't know any spells.
Your spell library contained the following spells:

 Spells                   Type           Power      Damage    Failure   Level
 Beastly Appendage        Tmut           0%         N/A       43%         1
 Summon Small Mammal      Summ           0%         N/A       43%         1
 Call Imp                 Summ           0%         N/A       56%         2
 Wereblood                Tmut           0%         N/A       56%         2
 Call Canine Familiar     Summ           0%         N/A       80%         3
 Spider Form              Tmut/Pois      0%         N/A       80%         3
 Summon Guardian Golem    Hex/Summ       0%         N/A       80%         3
 Ice Form                 Ice/Tmut       0%         N/A       99%         4
 Summon Ice Beast         Ice/Summ       0%         N/A       99%         4
 Summon Lightning Spire   Summ/Air       0%         N/A       99%         4
 Hydra Form               Tmut           0%         N/A       100%        5


Dungeon Overview and Level Annotations

Branches:
Dungeon (3/15)


Innate Abilities, Weirdness & Mutations

Your attributes grow dramatically as you level up.
You have an increased reservoir of magic. (+10% MP)
You shall have no god before yourself.


Message History

You kill the kobold!
No target in view!
No target in view!
Found 35 arrows.
Things that are here:
a +0 club; 5 poisoned darts; a kobold corpse You open the door.
An orc priest comes into view. It is wielding a +0 hand axe.
The orc priest shouts!
You reach to attack!
You puncture the orc!
You kill the orc!
The orc wizard points at you and mumbles some strange words.
The magic dart hits you!
There is an open door here.
You reach to attack!
You hit the orc wizard but do no damage.
The orc priest invokes the aid of Beogh against you.
Beogh smites you!
Ouch! That really hurt!
* * * LOW HITPOINT WARNING * * *
You are too injured to fight recklessly!
It was a potion of curing.
You feel better.
You barely miss the orc wizard.
The orc wizard hits you but does no damage. x2
You hit the orc wizard.
The orc wizard is moderately wounded.
The orc wizard gestures at itself while chanting.
The orc wizard flickers and vanishes!
Deactivating autopickup; reactivate with Ctrl-A.
The orc priest calls down the wrath of Beogh upon you.
Beogh smites you!
* * * LOW HITPOINT WARNING * * *
You are confused.
You bump into the rock wall.
The orc priest looks braver for a moment.
You bump into the rock wall.
You feel less confused.
A magic dart appears from out of thin air!
The magic dart hits you!
You die...

#.#.# #. #.#.. .. #o# #. #{#
#. #.# #. #.# ####.####. #.#
..........
#.##########################.
#.....o{....@................
#######################.>####
#######+#### #.......(..#
#####....>.....#
#..............#
#.#########'#### #.## #.# #
#..# ##.####


You could see an orc.

Vanquished Creatures
  2 dart slugs
  An orc (D:3)
  4 endoplasms
  4 giant cockroaches (D:2)
  2 goblins
  2 quokkas
  A ball python (D:1)
  A bat (D:1)
  4 frilled lizards
  3 kobolds
  2 rats (D:2)
26 creatures vanquished.

Notes
Turn   | Place    | Note
-------+----------+-------------------------------------------
     0 | D:1      | DasRunzen the Demigod Gladiator began the quest for the
                  | Orb.
     0 | D:1      | Reached XP level 1. HP: 17/17 MP: 3/3
   728 | D:2      | Reached XP level 2. HP: 24/24 MP: 4/4
  1292 | D:2      | Reached skill level 1 in Armour
  1576 | D:3      | HP: 1/24 [orc priest/divine providence (16)]
  1587 | D:3      | HP: 1/24 [orc priest/divine providence (11)]
  1617 | D:3      | Killed from afar by an orc wizard

Illustrated notes

Levels and vault maps discovered:
D:1:      dpeg_arrival_chambers_temple_mockup, layout_basic,
          basic_ecumenical_altar, serial_bayou_pond_b, chequers_jeans
D:2:      layout_loops_ring
D:3:      minmay_door_path, layout_basic, lemuel_doored_altar, serial_rivers,
          chequers_serial_rivers_room_a, chequers_serial_rivers_small_b,
          chequers_serial_rivers_small_a, chequers_serial_rivers_micro_c,
          chequers_serial_rivers_micro_d, kennysheep_generic_room_4

Skill      XL: |  1  2 |
---------------+-------+-----
Fighting       | 2 |  2.2
Armour         | 1 |  1.1
Polearms       | 3 |  3.0
Dodging        | 3 |  3.0
Throwing       | |  1.7

Action                   || total
-------------------------++-------
Melee: Trident           ||    62
  Use: Scroll            ||     5
       Potion            ||     1
 Stab: Sleeping          ||     2
Armor: Leather armour    ||    12
Dodge: Dodged            ||    26

Table legend: (Time is in decaauts)
 A = Elapsed time spent in this place.
 B = Non-inter-level travel time spent in this place.
 C = Inter-level travel time spent in this place.
 D = Time resting spent in this place.
 E = Time spent auto-exploring this place.
 F = Levels seen in this place.
 G = Mean time per level.
                   A        B        C        D        E       F      G
               +--------+--------+--------+--------+--------+-----+--------+
         Total |   1631 |   1615 |     16 |      0 |   1391 |   3 |  543.7 |
       Dungeon |   1631 |   1615 |     16 |      0 |   1391 |   3 |  543.7 |
               +--------+--------+--------+--------+--------+-----+--------+

Top non-repeatable levels by time:
     D:2: 733 daAuts
     D:1: 688 daAuts
     D:3: 209 daAuts
